A
ABERDEEN IRONBIRDS @ LEXINGTON DISTILLERS
04/17/2060
 
TOP OF THE 1ST
Aberdeen Ironbirds batting - Pitching for Evansville Hit Kings : RHP Rupert Ishikawa
Pitching: RHP Rupert Ishikawa
Batting: RHB Joey Scott 0-0: Ball
1-0: Ball
2-0: Called Strike
2-1: Swinging Strike
2-2: Strikes out swinging
Batting: RHB Joey Wilburn 0-0: Ball
1-0: Called Strike
1-1: Ball
2-1: SINGLE (Flyball, 78S, EV 89.4 MPH)
Batting: SHB Kyle Garris 0-0: Ball
1-0: Ball
2-0: Ball
3-0: Base on Balls
Joey Wilburn to second
Batting: RHB Wyatt Tait 0-0: Ball
1-0: Swinging Strike
1-1: Called Strike
1-2: Strikes out looking
Batting: RHB Ted Walker 0-0: Ball
1-0: Called Strike
1-1: Ball
2-1: Ball
3-1: Foul Ball, location: 2F
3-2: Strikes out swinging
Top of the 1st over - 0 runs, 1 hit, 0 errors, 2 left on base; Aberdeen 0 - Evansville 0
BOTTOM OF THE 1ST
Evansville Hit Kings batting - Pitching for Aberdeen Ironbirds : LHP Andy Morgan
Pitching: LHP Andy Morgan
Batting: RHB Grant Mason 0-0: Called Strike
0-1: Foul Ball, location: 2F
0-2: Ball
1-2: Ground out 4-3 (Groundball, 4M, EV 83.8 MPH)
Batting: RHB Garret Miller 0-0: Swinging Strike
0-1: Ball
1-1: Swinging Strike
1-2: Ball
2-2: Foul Ball, location: 2F
2-2: Strikes out looking
Batting: RHB Marlon Anderson 0-0: Ball
1-0: Swinging Strike
1-1: SOLO HOME RUN (Flyball, 7D, EV 98.1 MPH), Distance : 363 ft
Batting: SHB Sharrod Lewis 0-0: Foul Ball, location: 2F
0-1: Foul Ball, location: 2F
0-2: Strikes out swinging, 2-3 out at first.
Bottom of the 1st over - 1 run, 1 hit, 0 errors, 0 left on base; Aberdeen 0 - Evansville 1
TOP OF THE 2ND
Aberdeen Ironbirds batting - Pitching for Evansville Hit Kings : RHP Rupert Ishikawa
Batting: RHB Jeremiah Butler 0-0: Called Strike
0-1: Swinging Strike
0-2: Ball
1-2: Strikes out swinging
Batting: SHB Evan Lind 0-0: Foul Ball, location: 2F
0-1: Ground out 6-3 (Groundball, 6, EV 108.1 MPH)
Batting: RHB Keyon Yamamoto 0-0: Ball
1-0: Called Strike
1-1: Called Strike
1-2: Ball
2-2: Ball
3-2: Fly out, F7 (Flyball, 78M, EV 97.5 MPH)
Top of the 2nd over - 0 runs, 0 hits, 0 errors, 0 left on base; Aberdeen 0 - Evansville 1
BOTTOM OF THE 2ND
Evansville Hit Kings batting - Pitching for Aberdeen Ironbirds : LHP Andy Morgan
Batting: RHB Chandler Frazee 0-0: Called Strike
0-1: Called Strike
0-2: Ball
1-2: Ground out 6-3 (Groundball, 6S, EV 64.4 MPH)
Batting: RHB Blayne Gillett 0-0: Ground out 6-3 (Groundball, 6, EV 86.2 MPH)
Batting: SHB Jim Schrader 0-0: Ball
1-0: Ball
2-0: Ball
3-0: Base on Balls
Batting: RHB Brenden Baxter 0-0: Ball
1-0: Fly out, F7 (Flyball, 7D, EV 98.1 MPH)
Bottom of the 2nd over - 0 runs, 0 hits, 0 errors, 1 left on base; Aberdeen 0 - Evansville 1
TOP OF THE 3RD
Aberdeen Ironbirds batting - Pitching for Evansville Hit Kings : RHP Rupert Ishikawa
Batting: RHB Clayton Mendieta 0-0: Ball
1-0: Ball
2-0: Foul Ball, location: 2F
2-1: Called Strike
2-2: Strikes out swinging
Batting: RHB Joey Scott 0-0: Ball
1-0: Ball
2-0: Ball
3-0: Called Strike
3-1: Called Strike
3-2: Strikes out swinging
Batting: RHB Joey Wilburn 0-0: Fly out, F8 (Flyball, 8LM, EV 81.2 MPH)
Top of the 3rd over - 0 runs, 0 hits, 0 errors, 0 left on base; Aberdeen 0 - Evansville 1
BOTTOM OF THE 3RD
Evansville Hit Kings batting - Pitching for Aberdeen Ironbirds : LHP Andy Morgan
Batting: SHB Weston Borron 0-0: Ball
1-0: Ball
2-0: Called Strike
2-1: Ball
3-1: Foul Ball, location: 2F
3-2: Foul Ball, location: 2F
3-2: Foul Ball, location: 2F
3-2: Strikes out swinging
Batting: RHB Grant Mason 0-0: Ball
1-0: SINGLE (Line Drive, 6M, EV 99.4 MPH)
Batting: RHB Garret Miller 0-0: Fly out, F4 (Line Drive, 4M, EV 65.0 MPH)
Batting: RHB Marlon Anderson 0-0: Foul Ball, location: 2F
0-1: Fly out, F8 (Line Drive, 8RD, EV 96.2 MPH)
Bottom of the 3rd over - 0 runs, 1 hit, 0 errors, 1 left on base; Aberdeen 0 - Evansville 1
TOP OF THE 4TH
Aberdeen Ironbirds batting - Pitching for Evansville Hit Kings : RHP Rupert Ishikawa
Batting: SHB Kyle Garris 0-0: Ball
1-0: Ball
2-0: Called Strike
2-1: Ball
3-1: Fly out, F7 (Line Drive, 7, EV 93.1 MPH)
Batting: RHB Wyatt Tait 0-0: Fly out, F8 (Flyball, 89XD, EV 105.0 MPH)
Batting: RHB Ted Walker 0-0: Ball
1-0: Ball
2-0: Called Strike
2-1: Called Strike
2-2: Foul Ball, location: 2F
2-2: Foul Ball, location: 2F
2-2: Fly out, F9 (Flyball, 9LS, EV 91.2 MPH)
Top of the 4th over - 0 runs, 0 hits, 0 errors, 0 left on base; Aberdeen 0 - Evansville 1
BOTTOM OF THE 4TH
Evansville Hit Kings batting - Pitching for Aberdeen Ironbirds : LHP Andy Morgan
Batting: SHB Sharrod Lewis 0-0: Ball
1-0: Called Strike
1-1: Ball
2-1: Called Strike
2-2: Reached on error, E5 (Groundball, 5S, EV 87.5 MPH)
Batting: RHB Chandler Frazee 0-0: Ball
1-0: Called Strike
1-1: Swinging Strike
1-2: Foul Ball, location: 2F
1-2: Ball
2-2: Foul Ball, location: 2F
2-2: Fly out, F6 (Popup, 6, EV 62.5 MPH)
Batting: RHB Blayne Gillett 0-0: Ball
1-0: Ball
2-0: Ground out 4-3 (Groundball, 4, EV 85.6 MPH)
Sharrod Lewis to third
Batting: SHB Jim Schrader 0-0: Called Strike
0-1: Swinging Strike
0-2: Strikes out swinging
Bottom of the 4th over - 0 runs, 0 hits, 1 error, 1 left on base; Aberdeen 0 - Evansville 1
TOP OF THE 5TH
Aberdeen Ironbirds batting - Pitching for Evansville Hit Kings : RHP Rupert Ishikawa
Batting: RHB Jeremiah Butler 0-0: Called Strike
0-1: Foul Ball, location: 2F
0-2: Foul Ball, location: 2F
0-2: Ball
1-2: Ball
2-2: Foul Ball, location: 2F
2-2: Ball
3-2: Foul Ball, location: 2F
3-2: Strikes out swinging
Batting: SHB Evan Lind 0-0: Ball
1-0: Called Strike
1-1: Called Strike
1-2: SINGLE (Line Drive, 9S, EV 92.5 MPH)
Batting: RHB Keyon Yamamoto 0-0: Grounds into double play, 5-4-3 (Groundball, 56, EV 78.8 MPH)
Top of the 5th over - 0 runs, 1 hit, 0 errors, 0 left on base; Aberdeen 0 - Evansville 1
BOTTOM OF THE 5TH
Evansville Hit Kings batting - Pitching for Aberdeen Ironbirds : LHP Andy Morgan
Batting: RHB Brenden Baxter 0-0: Called Strike
0-1: Foul Ball, location: 2F
0-2: Ball
1-2: Ground out 6-3 (Groundball, 56, EV 90.0 MPH)
Batting: SHB Weston Borron 0-0: Ground out 4-3 (Groundball, 4, EV 105.0 MPH)
Batting: RHB Grant Mason 0-0: Called Strike
0-1: Ball
1-1: Ball
2-1: Ball
3-1: Base on Balls
Batting: RHB Garret Miller 0-0: Ball
1-0: Ground out 5-3 (Groundball, 15, EV 85.6 MPH)
Bottom of the 5th over - 0 runs, 0 hits, 0 errors, 1 left on base; Aberdeen 0 - Evansville 1
TOP OF THE 6TH
Aberdeen Ironbirds batting - Pitching for Evansville Hit Kings : RHP Rupert Ishikawa
Batting: RHB Clayton Mendieta 0-0: Called Strike
0-1: Ball
1-1: Swinging Strike
1-2: Ball
2-2: Ball
3-2: Base on Balls
Batting: RHB Joey Scott 0-0: Ball
1-0: Bunted foul
1-1: Sac Bunt to 13 - play at second, runner OUT! 1-6
Batting: RHB Joey Wilburn 0-0: Ball
1-0: Ball
2-0: Called Strike
2-1: Foul Ball, location: 2F
2-2: Strikes out swinging
Batting: SHB Kyle Garris 0-0: Called Strike
0-1: Ball
1-1: Foul Ball, location: 2F
1-2: SINGLE (Groundball, 6D, EV 93.8 MPH)
Joey Scott to second
Batting: RHB Wyatt Tait 0-0: Called Strike
0-1: Fielders Choice at 2nd, 6-4 (Groundball, 56, EV 82.5 MPH)
Top of the 6th over - 0 runs, 1 hit, 0 errors, 2 left on base; Aberdeen 0 - Evansville 1
BOTTOM OF THE 6TH
Evansville Hit Kings batting - Pitching for Aberdeen Ironbirds : LHP Andy Morgan
Batting: RHB Marlon Anderson 0-0: Foul Ball, location: 2F
0-1: Ball
1-1: Ball
2-1: Ball
3-1: Swinging Strike
3-2: Foul Ball, location: 2F
3-2: Strikes out swinging
Batting: SHB Sharrod Lewis 0-0: Ball
1-0: Ball
2-0: Ball
3-0: Called Strike
3-1: Foul Ball, location: 2F
3-2: Foul Ball, location: 2F
3-2: SINGLE (Groundball, 4MD, EV 105.6 MPH)
Batting: RHB Chandler Frazee 0-0: SINGLE (Flyball, 89S, EV 87.5 MPH)
Sharrod Lewis to second
Batting: RHB Blayne Gillett 0-0: Called Strike
0-1: Foul Ball, location: 2F
0-2: Foul Ball, location: 2F
0-2: Ball
1-2: Reached on error, E6 (Groundball, 6, EV 80.6 MPH)
Sharrod Lewis to third
Chandler Frazee to second
Pitching: RHP Eli Swoape
Batting: SHB Jim Schrader 0-0: Called Strike
0-1: Swinging Strike
0-2: Strikes out swinging
Pinch Hitting: SHB Wade Carter 0-0: Swinging Strike
0-1: Called Strike
0-2: Strikes out swinging
Bottom of the 6th over - 0 runs, 2 hits, 1 error, 3 left on base; Aberdeen 0 - Evansville 1
TOP OF THE 7TH
Aberdeen Ironbirds batting - Pitching for Evansville Hit Kings : RHP Rupert Ishikawa
Pitching: RHP Drew Hunt
Now at 3B: Wade Carter
Batting: RHB Ted Walker 0-0: Foul Ball, location: 2F
0-1: Ball
1-1: Ball
2-1: Foul Ball, location: 2F
2-2: Strikes out looking
Batting: RHB Jeremiah Butler 0-0: Ball
1-0: Called Strike
1-1: Ball
2-1: Foul Ball, location: 2F
2-2: SINGLE (Groundball, 56D, EV 93.8 MPH)
Batting: SHB Evan Lind 0-0: Called Strike
0-1: Ball
1-1: Fielders Choice at 2nd, 4-6 (Groundball, 4, EV 101.2 MPH)
Batting: RHB Keyon Yamamoto 0-0: Ball
1-0: Swinging Strike
1-1: Ball
2-1: Swinging Strike
2-2: Strikes out swinging
Top of the 7th over - 0 runs, 1 hit, 0 errors, 1 left on base; Aberdeen 0 - Evansville 1
BOTTOM OF THE 7TH
Evansville Hit Kings batting - Pitching for Aberdeen Ironbirds : RHP Eli Swoape
Batting: SHB Weston Borron 0-0: Called Strike
0-1: Ball
1-1: Ball
2-1: Ball
3-1: Foul Ball, location: 2F
3-2: Foul Ball, location: 2F
3-2: Strikes out swinging
Batting: RHB Grant Mason 0-0: Ball
1-0: Ball
2-0: Foul Ball, location: 2F
2-1: Swinging Strike
2-2: SOLO HOME RUN (Flyball, 7D, EV 90.6 MPH), Distance : 344 ft
Batting: RHB Garret Miller 0-0: Foul Ball, location: 2F
0-1: Ball
1-1: Ball
2-1: Ball
3-1: Reached on error, E6 (Groundball, 6MS, EV 63.8 MPH)
Batting: RHB Marlon Anderson 0-0: Ball
1-0: SINGLE (Line Drive, 6MD, EV 99.4 MPH)
Garret Miller to second
Batting: SHB Sharrod Lewis 0-0: Swinging Strike
0-1: Called Strike
0-2: Strikes out swinging
Batting: RHB Chandler Frazee 0-0: Ball
1-0: Foul Ball, location: 2F
1-1: Ball
2-1: SINGLE (Groundball, 6MD, EV 94.4 MPH)
Garret Miller to third
Marlon Anderson to second
Batting: RHB Blayne Gillett 0-0: Ball
1-0: Foul Ball, location: 2F
1-1: Foul Ball, location: 2F
1-2: Strikes out swinging
Bottom of the 7th over - 1 run, 3 hits, 1 error, 3 left on base; Aberdeen 0 - Evansville 2
TOP OF THE 8TH
Aberdeen Ironbirds batting - Pitching for Evansville Hit Kings : RHP Drew Hunt
Batting: RHB Clayton Mendieta 0-0: Ball
1-0: Ball
2-0: Ball
3-0: Called Strike
3-1: Base on Balls
Batting: RHB Joey Scott 0-0: Called Strike
0-1: Fly out, F8 (Line Drive, 8RD, EV 94.4 MPH)
Batting: RHB Joey Wilburn 0-0: Called Strike
0-1: Swinging Strike
0-2: Grounds into double play, 4-6-3 (Groundball, 4M, EV 109.4 MPH)
Top of the 8th over - 0 runs, 0 hits, 0 errors, 0 left on base; Aberdeen 0 - Evansville 2
BOTTOM OF THE 8TH
Evansville Hit Kings batting - Pitching for Aberdeen Ironbirds : RHP Eli Swoape
Pitching: RHP Emmitt Blind
Batting: SHB Jim Schrader 0-0: Called Strike
0-1: Swinging Strike
0-2: Foul Ball, location: 2F
0-2: Strikes out swinging
Batting: SHB Wade Carter 0-0: Ball
1-0: Ball
2-0: Called Strike
2-1: Called Strike
2-2: Foul Ball, location: 2F
2-2: Fly out, F3 (Line Drive, 3, EV 76.2 MPH)
Batting: SHB Weston Borron 0-0: DOUBLE (Groundball, 5L, EV 110.0 MPH)
Batting: RHB Grant Mason 0-0: Called Strike
0-1: Foul Ball, location: 2F
0-2: Ball
1-2: Fly out, F9 (Flyball, 9LS, EV 89.4 MPH)
Bottom of the 8th over - 0 runs, 1 hit, 0 errors, 1 left on base; Aberdeen 0 - Evansville 2
TOP OF THE 9TH
Aberdeen Ironbirds batting - Pitching for Evansville Hit Kings : RHP Drew Hunt
Pitching: RHP Brian Mulhearn
Batting: SHB Kyle Garris 0-0: Ball
1-0: Foul Ball, location: 2F
1-1: Ball
2-1: Ball
3-1: Foul Ball, location: 2F
3-2: Base on Balls
Batting: RHB Wyatt Tait 0-0: Ball
1-0: SINGLE (Line Drive, 8LS, EV 104.4 MPH)
Kyle Garris to second
Batting: RHB Ted Walker 0-0: Ball
1-0: Foul Ball, location: 2F
1-1: Called Strike
1-2: Strikes out swinging
Batting: RHB Jeremiah Butler 0-0: Fly out, F4 (Popup, 34S, EV 75.6 MPH)
Batting: SHB Evan Lind 0-0: Ball
1-0: Ball
2-0: Ground out 4-3 (Groundball, 4D, EV 105.0 MPH)
Top of the 9th over - 0 runs, 1 hit, 0 errors, 2 left on base; Aberdeen 0 - Evansville 2
Monday, April 29th , 2024 - OOTP Baseball 23.10 Build 110